nht, neutral male human Ranger ---- --.@--- |...G.. --..... |...). --..... ----|...[.... |...|.|....<- ...*|.|--...| -...|.| |..- |...|.| --- --...| --- |...| ---.-- --..----....| --...|....-| ---.|.....| |......-- ---...-- |...| --.-- --- nht the Lookout Experience level: 4 Strength: 16 Dexterity: 11 Constitution: 14 Intelligence: 13 Wisdom: 14 Charisma: 7 Health: 0(29) Energy: 17(17) Def: 3 Gold: 84 Moves: 1323 Dungeon seed: v-UCkwr2YSiDvd8a Game ID: nht_1430641799 Your Inventory: Coins $ - 84 gold pieces Weapons a - a +1 dagger (alternate weapon; not wielded) b - a +2 bow (weapon in hand) c - 46 +2 arrows (in quiver) d - 38 +0 arrows x - a +0 sling Armor e - an uncursed +2 cloak of displacement (being worn) r - an uncursed -1 pair of fumble boots Comestibles f - 5 uncursed cram rations j - 2 uncursed lichen corpses l - 2 uncursed sprigs of wolfsbane C - an uncursed lembas wafer Scrolls h - an uncursed scroll of magic mapping k - 2 uncursed scrolls of scare monster E - a blessed scroll of remove curse F - an uncursed scroll of food detection Y - an uncursed scroll of light Potions g - a blessed potion of enlightenment t - an uncursed potion of booze z - an uncursed potion of oil A - an uncursed potion of see invisible X - a blessed potion of extra healing Rings B - an uncursed ring of slow digestion G - an uncursed ring of teleport control Wands n - a wand of enlightenment (0:12) O - a wand of make invisible (0:3) Tools i - an uncursed partly used tallow candle (lit) (0:156) s - an uncursed tallow candle (0:200) Z - an uncursed tin whistle Gems q - an uncursed worthless piece of orange glass y - an uncursed worthless piece of black glass Spells known in the end: Name Level Category Fail Memory Your skills at the end: Fighting Skills Weapon Skills dagger [Basic] bow [Basic] Spellcasting Skills Final Attributes: You were devoutly aligned. You had automatic searching. You were displaced. You were lucky. You are dead. Vanquished creatures: a gray ooze a homunculus a kobold lord a wererat 3 iguanas 2 gas spores a hobbit a large kobold 3 giant rats a gnome 4 jackals a fox a goblin 2 grid bugs 2 lichens a newt 26 creatures vanquished. Voluntary challenges: You were vegetarian. You used a wielded weapon 32 times, starting on turn 29. You read items or engraved 4 times, starting on turn 284. You never genocided any monsters. You never polymorphed an object. You never changed form. You used no wishes. You never split a pudding. You wrote Elbereth's name 4 times, starting on turn 284. You never violated your personal moral code. Dungeon overview: The Dungeons of Doom: levels 1 to 5 Level 1 an altar to Mercury a long staircase Level 2 (armour) an armor shop, a fountain Level 3 some fountains Level 4 (potions) a potion shop, a fountain stairs to The Gnomish Mines Level 5 The Gnomish Mines: Level 5 <- You were here stairs to The Dungeons of Doom History has recorded: On T:1 you entered the Dungeons of Doom to retrieve the Amulet of Yendor! On T:118 you reached level 2 of The Dungeons of Doom. On T:160 you advanced to experience level 2. On T:225 you reached level 3 of The Dungeons of Doom. On T:529 you reached level 4 of The Dungeons of Doom. On T:579 you advanced to experience level 3. On T:718 you reached level 5 of The Dungeons of Doom. On T:1090 you advanced to experience level 4. On T:1230 you reached level 1 of The Gnomish Mines. Score breakdown: Gold: 84 ( 6563 points) Experience: 4 levels ( 9649 points) Exploration: 5 levels ( 9.80%) ( 8485 points) Discoveries: 2 items ( 0.67%) ( 2449 points) Valuables value: (no points given unless you survive) Artifact value: 0 ( 0 points) Variety of kills: 16 monsters ( 4.22%) ( 6163 points) Time penalty: 1323 turns ( 0 points) Survival: died (score multiplied by 80%) Total score: 26647 Latest messages: You drop a cloak of displacement (unpaid, 105 zorkmids). You drop a pair of riding boots (unpaid, 90 zorkmids). You drop a plumed helmet (unpaid, 75 zorkmids). The arrow hits the gnome king. The gnome king swings his thonged club. The gnome king hits! You die... Final status: Goodbye nht the Ranger, killed by a gnome king... You died in The Gnomish Mines on dungeon level 5 with 26647 points, and 84 pieces of gold, after 1323 moves. You were level 4 with a maximum of 29 hit points when you died.